 Dungeon Crawl Stone Soup version 0.21-a0-260-g9b2435e (webtiles) character file.

592 sveltemanboy the Insei (level 7, -4/52 HPs)
             Began as a Demonspawn Monk on Sept 7, 2017.
             Was a Follower of Ru.
             Slain by Pikel
             ... wielding a +2 whip of flaming
              (7 damage)
             ... on level 4 of the Dungeon.
             The game lasted 00:08:53 (3904 turns).

sveltemanboy the Insei (Demonspawn Monk)            Turns: 3904, Time: 00:08:54

Health: -4/52      AC:  9    Str: 13    XL:     7   Next: 16%
Magic:  7/7        EV: 11    Int:  9    God:    Ru [*.....]
Gold:   132        SH:  0    Dex: 16    Spells: 6/6 levels left

rFire    . . .     SeeInvis .   e - +1 hand axe (drain)
rCold    . . .     Gourm    .   (no shield)
rNeg     . . .     Faith    .   v - quicksilver dragon scales
rPois    .         Spirit   .   (helmet restricted)
rElec    .         Reflect  .   (no cloak)
rCorr    .         Harm     .   (no gloves)
MR       +....                  (no boots)
Stlth    ++........             (no amulet)
HPRegen  0.17/turn              (no ring)
MPRegen  0.10/turn              (no ring)

@: no status effects
A: antennae 1, claws 1, dopey 1, nightstalker 1, hated by all
a: Renounce Religion


You were on level 4 of the Dungeon.
You worshipped Ru.
Ru was aware of your devotion.
You were hungry.

You visited 1 branch of the dungeon, and saw 4 of its levels.
You also visited: Sewer.

You collected 132 gold pieces.

Inventory:

Hand Weapons
 e - a +1 hand axe of draining (weapon)
Armour
 v - quicksilver dragon scales (worn)
Jewellery
 r - an uncursed ring of fire
Wands
 o - a wand of digging (6/24)
 t - a wand of iceblast (2/15)
Scrolls
 a - 3 scrolls of teleportation {unknown}
 b - 3 scrolls of magic mapping {unknown}
 d - 6 scrolls of identify {unknown}
 m - 6 scrolls of remove curse {unknown}
 p - 3 scrolls of amnesia {unknown}
 q - a scroll of fog {unknown}
 w - a scroll of summoning {unknown}
Potions
 h - a potion of magic {unknown}
 i - a potion of mutation
 k - 2 potions of lignification {unknown}
 l - a potion of might {unknown}
 n - a potion of heal wounds {unknown}
 s - a potion of ambrosia {unknown}
 u - a potion of curing
Comestibles
 c - 3 bread rations
 f - a royal jelly
 g - 3 meat rations
 j - 2 fruits


   Skills:
 - Level 3.0 Fighting
 - Level 2.9 Axes
 - Level 1.0 Armour
 - Level 2.6 Dodging
 - Level 1.7 Stealth
 * Level 6.5 Unarmed Combat
 + Level 1.1 Evocations


You had 6 spell levels left.
You didn't know any spells.

Dungeon Overview and Level Annotations

Branches:
Dungeon (4/15)             Temple (0/1) D:4

Altars:
Hepliaklqana
Kikubaaqudgha
Nemelex Xobeh
Ru
Sif Muna
Trog
The Shining One

Annotations:
D:4 Pikel


Innate Abilities, Weirdness & Mutations

You have sharp fingernails.
You are slightly more attuned to the shadows.
You are hated by all.
You have a pair of small antennae on your head.
You are dopey. (Int -2)


Message History

Pikel is moderately wounded.
Pikel hits you but does no damage.
You closely miss Pikel.
Pikel is moderately wounded.
Pikel hits you with a whip of flaming. Pikel burns you.
Pikel zaps a wand.
The bolt of acid hits you!
* * * LOW HITPOINT WARNING * * *
You are splashed with acid!
The acid burns!
* * * LOW HITPOINT WARNING * * *
Evoke which item? (* to show all) (? for menu, Esc to quit)
Okay, then.
It was a potion of mutation.
You feel extremely strange.
Your body twists and deforms.
A pair of horns grows on your head! Pikel barely misses you.
You feel extremely strange.
Your body's shape seems more normal.
The horns on your head shrink away.
You feel stupid. A pair of antennae grows on your head!
Pikel says, "You'll feel the lick of my whip!"
Pikel hits you with a whip of flaming!
You die...

.#########..###
#.#.#######..##.#
.# #..#
#.#............#.#
## #..
##.#.######.......
#. #####.##
#.....## ........#
#..#### #
######..#####..# #
. #.........# ##
?..#######..#####.#
... ..(....@....#
### #.###K####.# #
#p# #.# # ...p.pp#
#.# ......p. ...
.######## #.#


You could see Pikel and 4 slaves.

Vanquished Creatures
  A phantom (D:4)
  A centaur (D:4)
  A crocodile (Sewer)
  A crimson imp (D:4)
  2 hounds (D:4)
  An orc wizard (D:3)
  Natasha (twice) (D:4)
  A worker ant (D:4)
  A gnoll (D:3)
  5 adders
  An ooze (D:2)
  5 worms
  6 dart slugs
  A leopard gecko (D:4)
  4 orcs (D:3)
  6 giant cockroaches
  3 goblins
  6 hobgoblins
  8 jackals
  12 kobolds
  2 quokkas
  2 ball pythons
  A ball python skeleton (D:4)
  4 bats (D:1)
  2 frilled lizards
  A leopard gecko skeleton (D:4)
  6 rats
86 creatures vanquished.

Notes
Turn   | Place    | Note
-------+----------+-------------------------------------------
     0 | D:1      | sveltemanboy the Demonspawn Monk began the quest for the Orb.
     0 | D:1      | Reached XP level 1. HP: 18/18 MP: 1/1
   149 | D:1      | Reached skill level 1 in Armour
   204 | D:1      | Gained mutation: You have sharp fingernails. [demonic ancestry]
   204 | D:1      | Reached XP level 2. HP: 24/24 MP: 2/2
   552 | D:1      | Reached skill level 1 in Unarmed Combat
   713 | D:2      | Reached XP level 3. HP: 29/29 MP: 3/3
   803 | D:2      | Reached skill level 2 in Unarmed Combat
   867 | D:2      | Found a faded altar of an unknown god.
  1395 | D:2      | Found a sacrificial altar of Ru.
  1395 | D:2      | Found an ancient bone altar of Kikubaaqudgha.
  1396 | D:2      | Found a deep blue altar of Sif Muna.
  1407 | D:2      | Became a worshipper of Ru the Awakened
  1410 | D:2      | Gained mutation: You are hated by all. [Ru sacrifice]
  1410 | D:2      | Reached * piety under Ru
  1519 | D:2      | Reached XP level 4. HP: 35/35 MP: 4/4
  1540 | D:2      | Found a hazy altar of Hepliaklqana.
  1681 | D:3      | Reached skill level 3 in Unarmed Combat
  2172 | D:3      | Found a bloodstained altar of Trog.
  2172 | D:3      | Found a sparkling altar of Nemelex Xobeh.
  2183 | D:3      | Found a glowing golden altar of the Shining One.
  2224 | D:3      | Reached XP level 5. HP: 22/41 MP: 5/5
  2890 | D:4      | Noticed a centaur
  2902 | D:4      | Killed a centaur
  2902 | D:4      | Reached skill level 4 in Unarmed Combat
  2964 | D:4      | Reached skill level 5 in Unarmed Combat
  2983 | D:4      | Reached XP level 6. HP: 36/47 MP: 6/6
  3189 | D:4      | Noticed Natasha
  3194 | D:4      | Killed Natasha
  3209 | D:4      | Found a glowing drain.
  3237 | Sewer    | Entered a sewer
  3309 | Sewer    | Reached skill level 6 in Unarmed Combat
  3610 | D:4      | Noticed Natasha
  3621 | D:4      | Killed Natasha
  3709 | D:4      | Reached skill level 1 in Evocations
  3709 | D:4      | Gained mutation: You are slightly more attuned to the shadows. [demonic ancestry]
  3709 | D:4      | Reached XP level 7. HP: 33/52 MP: 7/7
  3794 | D:4      | Found a staircase to the Ecumenical Temple.
  3883 | D:4      | Noticed Pikel
  3902 | D:4      | Gained mutation: Armour fits poorly on your strangely shaped body. [potion of mutation]
  3902 | D:4      | Gained mutation: You have a pair of small horns on your head. [potion of mutation]
  3904 | D:4      | Lost mutation: Armour fits poorly on your strangely shaped body. [potion of mutation]
  3904 | D:4      | Lost mutation: You have a pair of small horns on your head. [potion of mutation]
  3904 | D:4      | Gained mutation: You are dopey. (Int -2) [potion of mutation]
  3904 | D:4      | Gained mutation: You have a pair of small antennae on your head. [potion of mutation]
  3904 | D:4      | Slain by Pikel

Vault maps used:
D:1:      dpeg_arrival_lava_altar, grunt_decor_fettered, minmay_hexomino_u4
D:2:      cheibrodos_old_hovel, marbit_many_paths,
          gammafunk_temple_overflow_claw, first_bread,
          chequers_ecumenical_altar_simple_redux
D:3:      gammafunk_temple_overflow_forgotten, st_stairs_9
D:4:      temple_doors_cd, cheibrodos_sewer_entry_drain, uniq_natasha,
          uniq_pikel
Sewer:    sewer_the_crocodile

Skill      XL: |  1  2  3  4  5  6 |
---------------+-------------------+-----
Armour         | 1 |  1.0
Unarmed Combat | 1 2 3 5 6 |  6.5
Evocations     | 1 |  1.1
Fighting       | |  3.0
Axes           | |  2.9
Dodging        | |  2.6
Stealth        | |  1.7

Action                   |  1- 3 |  4- 6 |  7- 9 || total
-------------------------+-------+-------+-------++-------
Melee: Hand axe          |    89 |   212 |    22 ||   323
       Punch             |       |     4 |     1 ||     5
Invok: Sacrifice Love    |     1 |       |       ||     1
       Reject Sacrifices |       |     1 |       ||     1
  Use: Potion            |       |       |     2 ||     2
 Stab: Sleeping          |     6 |     1 |       ||     7
       Distracted        |       |       |     1 ||     1
  Eat: Chunk             |     2 |     7 |       ||     9
Armor: Robe              |     8 |       |       ||     8
       Leather armour    |     7 |       |       ||     7
       Ring mail         |     1 |    11 |       ||    12
       Quicksilver drago |       |    51 |     6 ||    57
Dodge: Dodged            |    48 |   113 |    11 ||   172

Table legend:
 A = Spawn XP
 B = Non-spawn XP
 C = Spawn XP percentage of total XP
 D = Spawn monster count
 E = Non-spawn monster count
 F = Spawn count percentage of total count
 G = Total turns spent on level
                    A         B        C        D         E        F      G
               +---------+---------+-------+---------+---------+-------+---------
         Total |       0 |     847 |   0.0 |       0 |      86 |   0.0 |  3904
               +---------+---------+-------+---------+---------+-------+---------
           D:1 |       0 |      39 |   0.0 |       0 |      20 |   0.0 |   705
           D:2 |       0 |      65 |   0.0 |       0 |      16 |   0.0 |   958
           D:3 |       0 |     104 |   0.0 |       0 |      24 |   0.0 |  1213
           D:4 |       0 |     526 |   0.0 |       0 |      20 |   0.0 |   719
         Sewer |       0 |     113 |   0.0 |       0 |       6 |   0.0 |   309
               +---------+---------+-------+---------+---------+-------+---------
